 Dungeon Crawl Stone Soup version 0.28.0-45-g0d030f2227 (webtiles) character file.

Game seed: 37791836544124276

9 zeratav the Insei (level 2, -1/18 HPs)
             Began as an Octopode Transmuter on Apr 9, 2022.
             Slain by a jackal (2 damage)
             ... on level 1 of the Dungeon.
             The game lasted 00:00:17 (249 turns).

zeratav the Insei (Octopode Transmuter)              Turns: 249, Time: 00:00:17

Health: -1/18      AC:  1    Str:  9    XL:     2   Next: 16%
Magic:  5/5        EV: 13    Int: 15    God:
Gold:   18         SH:  0    Dex: 12    Spells: 4/5 levels left

rFire   . . .      SeeInvis .     - Unarmed
rCold   . . .      Faith    .   (no shield)
rNeg    . . .      Spirit   .   (helmet currently unavailable)
rPois   .          Reflect  .   (no amulet)
rElec   .          Harm     .   (no ring)
rCorr   .          Rampage  .   (no ring)
Will    .....                   (no ring)
Stlth   ++........              (no ring)
HPRegen 0.06/turn               (no ring)
MPRegen 0.09/turn               (no ring)
                                (no ring)
                                (no ring)

@: appendages (expiring)
A: tentacle spike 3, almost no armour, amphibious, 8 rings, camouflage 1,
gelatinous body 1, (nimble swimmer 1), tentacles
a: End Transformation


You were on level 1 of the Dungeon.
One of your tentacles had grown a beastly spike.
You visited 1 branch of the dungeon, and saw 1 of its levels.

You collected 18 gold pieces.


Innate Abilities, Weirdness & Mutations

One of your tentacles has grown a beastly spike.
You cannot wear most types of armour.
You are amphibious.
You can wear up to eight rings at the same time.
Your skin changes colour to match your surroundings (Stealth+).
Your rubbery body absorbs attacks. (AC +1, EV +1)
((You are camouflaged when in or above water. (Stealth+)))
You have tentacles for arms and can constrict up to eight enemies at once.


   Skills:
 + Level 1.3 Fighting
 + Level 2.2 Dodging
 * Level 3.3 Unarmed Combat
 - Level 2.0 Spellcasting
 - Level 2.0 Transmutations


You had 4 spell levels left.
You knew the following spells:

 Your Spells              Type           Power      Damage    Failure   Level
a - Beastly Appendage     Tmut           14%        N/A       10%         1

Your spell library contained the following spells:

 Spells                   Type           Power      Damage    Failure   Level
 Wereblood                Tmut           7%         N/A       14%         2
 Spider Form              Tmut/Pois      4%         N/A       41%         3
 Ice Form                 Ice/Tmut       4%         N/A       82%         4

Inventory:

Scrolls
 a - a scroll of summoning {unknown}
Potions
 b - a potion of heal wounds {unknown}

Dungeon Overview and Level Annotations

Branches:
Dungeon (1/15)

Altars:

##...# #....# ##..#.#
#....# ...##.# #....#
.####.# #....# ##
#.##########....# #
##.##.......#....#
####..##.......#.r..#
.......)†......#hh..#
##..####.......#@.###
##.#####.........##
.#.##..........>##
..........†.....#
#####...###.....#
...... ......##
###...###....# #...
#...... #.. #..#.###


You could see 2 jackals and a rat.


Message History

No target in view!
No target in view!
No target in view!
No target in view!
A hobgoblin comes into view.
A hobgoblin is nearby!
The hobgoblin shouts!
Things that are here:
a +0 dagger {short}; a goblin corpse You tentacle-slap the hobgoblin.
You grab the hobgoblin.
Your transformation is almost over.
You constrict the hobgoblin, but do no damage.
The hobgoblin barely misses you.
You tentacle-slap the hobgoblin. You constrict the hobgoblin.
You kill the hobgoblin!
You have reached level 2!
HP[+5] MP[+1]
You now have 18 max hp (+5).
Your hp is fully restored (18).
A rat comes into view.
MP[+1]
Found a stone staircase leading down.
The rat closely misses you.
You tentacle-slap the rat.
You kill the rat!
Your tentacle spike disappears.
No target in view!
No target in view!
No target in view!
No target in view!
No target in view!
No target in view!
No target in view!
No target in view!
No target in view!
No target in view!
No target in view!
No target in view!
No target in view!
You see here a rat corpse.
A ball python comes into view.
MP[+1]
Your mp is fully restored (5).
A ball python is nearby!
One of your tentacles grows a vicious spike.
MP[-1]
You lost 1 mp, and now have 4/5 mp. 2 jackals and a rat come into view.
Your transformation is almost over.
The rat bites you.
The jackal barks!
HP[-1]
You take 1 damage, and now have 17/18 hp.
You barely miss the jackal. Your grab misses the jackal.
The ball python hisses angrily.
The jackal bites you. The rat barely misses you.
The jackal barks!
HP[-2]
You take 2 damage, and now have 15/18 hp.
You tentacle-slap the jackal but do no damage.
Your grab misses the jackal. The jackal bites you. The ball python bites you.
* * * LOW HITPOINT WARNING * * *
The ball python grabs you. The ball python constricts you.
* * * LOW HITPOINT WARNING * * *
The jackal barely misses you.
You closely miss the ball python. You grab the ball python.
You constrict the ball python. The ball python barely misses you.
The ball python constricts you. The rat closely misses you.
The jackal bites you.
* * * LOW HITPOINT WARNING * * *
The ball python barely misses you. The ball python constricts you.
* * * LOW HITPOINT WARNING * * *
You barely miss the ball python. You constrict the ball python.
The rat twitches its whiskers.
The rat bites you.
* * * LOW HITPOINT WARNING * * *
The jackal bites you but does no damage.
The ball python barely misses you. The ball python constricts you.
You tentacle-slap the ball python but do no damage.
You squeeze the ball python.
You kill the ball python!
The rat closely misses you. The jackal barely misses you.
You barely miss the jackal. Your grab misses the jackal.
Your tentacle spike misses the jackal.
You squeeze the jackal. The rat barely misses you. The jackal bites you.
* * * LOW HITPOINT WARNING * * *
The jackal bites you.
* * * LOW HITPOINT WARNING * * *
You are too injured to fight recklessly!
You are too injured to fight recklessly!
You are too injured to fight recklessly!
You are too injured to fight recklessly!
You are too injured to fight recklessly!
HP[-14] MP[+1]
You take 14 damage, and now have 1/18 hp.
MASSIVE DAMAGE!! (PAUSE)
Your mp is fully restored (5).
You are too injured to fight recklessly!
You are too injured to fight recklessly!
The jackal bites you.
You die...

Action                   || total
-------------------------++-------
Melee: Unarmed           ||    16
       Constrict         ||     4
       Kick              ||     2
       Tentacles         ||     3
       Punch             ||     1
 Cast: Beastly Appendage ||     3
Armor: Skin              ||     1
Dodge: Dodged            ||    15

Levels and vault maps discovered:
D:1:      shiori_arrival_maze, layout_rooms

Notes
Turn   | Place    | Note
-------+----------+-------------------------------------------
     0 | D:1      | zeratav the Octopode Transmuter began the quest for the
                  | Orb.
     0 | D:1      | Reached XP level 1. HP: 13/13 MP: 3/3
     0 | D:1      | magus.rc [v1.9.6]
   219 | D:1      | Reached XP level 2. HP: 18/18 MP: 3/5
   248 | D:1      | HP: 3/18 [jackal (2)]
   248 | D:1      | HP: 1/18 [jackal (2)]
   249 | D:1      | Slain by a jackal

Vanquished Creatures
  A dart slug (D:1)
  A goblin (D:1)
  2 hobgoblins (D:1)
  2 ball pythons (D:1)
  A rat (D:1)
7 creatures vanquished.

Table legend:
 A = Non-vault XP
 B = Vault XP
 C = Vault XP percentage of total XP
 D = Non-vault monster count
 E = Vault monster count
 F = Vault count percentage of total count
                 A         B        C        D         E       F
            +---------+---------+-------+---------+---------+-------
      Total |      14 |       0 |   0.0 |       7 |       0 |   0.0
            +---------+---------+-------+---------+---------+-------
        D:1 |      14 |       0 |   0.0 |       7 |       0 |   0.0
            +---------+---------+-------+---------+---------+-------

Illustrated notes

Table legend:
 A = Kills in this place as a percentage of kills in entire the game.
 B = Kills by you in this place as a percentage of kills by you in the entire game.
 C = Kills by friends in this place as a percentage of kills by friends in the entire game.
 D = Other kills in this place as a percentage of other kills in the entire game.
 E = Experience gained in this place as a percentage of experience gained in the entire game.
 F = Experience gained in this place divided by the number of levels of this place that you have seen.
                   A       B       C       D       E      F
               +-------+-------+-------+-------+-------+----------------------
         Total | 100.0 | 100.0 |   N/A |   N/A | 100.0 |  14.0
       Dungeon | 100.0 | 100.0 |   N/A |   N/A | 100.0 |  14.0
               +-------+-------+-------+-------+-------+----------------------

Table legend: (Time is in decaauts)
 A = Elapsed time spent in this place.
 B = Non-inter-level travel time spent in this place.
 C = Inter-level travel time spent in this place.
 D = Time resting spent in this place.
 E = Time spent auto-exploring this place.
 F = Levels seen in this place.
 G = Mean time per level.
                   A        B        C        D        E       F      G
               +--------+--------+--------+--------+--------+-----+--------+
         Total |    247 |    247 |      0 |      0 |    205 |   1 |  247.0 |
       Dungeon |    247 |    247 |      0 |      0 |    205 |   1 |  247.0 |
               +--------+--------+--------+--------+--------+-----+--------+

Top non-repeatable levels by time:
     D:1: 247 daAuts
